 Dungeon Crawl Stone Soup version 0.28.0-53-g5a82cb258f (webtiles) character file.

Game seed: 13130489243409401341

880 MiltankisOP the Magician (level 7, -3/36 HPs)
             Began as a Deep Elf Conjurer on July 8, 2022.
             Shot with an arrow by a centaur (11 damage)
             ... on level 5 of the Dungeon.
             The game lasted 00:15:55 (4171 turns).

MiltankisOP the Magician (Deep Elf Conjurer)        Turns: 4171, Time: 00:15:55

Health: -3/36      AC:  3    Str:  4    XL:     7   Next: 75%
Magic:  13/18      EV: 12    Int: 25    God:
Gold:   257        SH:  0    Dex: 13    Spells: 11/18 levels left

rFire   . . .      SeeInvis .   f - staff of conjuration
rCold   . . .      Faith    .   (no shield)
rNeg    . . .      Spirit   .   a - +0 robe
rPois   .          Reflect  .   (no helmet)
rElec   .          Harm     .   (no cloak)
rCorr   .          Rampage  .   (no gloves)
Will    .....                   e - +0 pair of boots
Stlth   ++........              (no amulet)
HPRegen 0.12/turn               (no ring)
MPRegen 0.16/turn               (no ring)

@: no status effects
A: no striking features
a: no special abilities


You were on level 5 of the Dungeon.
You visited 1 branch of the dungeon, and saw 5 of its levels.

You collected 257 gold pieces.

Inventory:

Armour
 a - a +0 robe (worn)
 e - a +0 pair of boots (worn)
Magical Staves
 f - a staff of conjuration (weapon)
Jewellery
 o - a ring of positive energy
Scrolls
 b - a scroll of teleportation
 j - a scroll of magic mapping {unknown}
Potions
 c - 2 potions of attraction
 d - 2 potions of degeneration
 g - a potion of lignification {unknown}
 h - 3 potions of might
 i - a potion of heal wounds {unknown}
 k - 2 potions of brilliance
 l - a potion of haste {unknown}
 n - a potion of invisibility {unknown}


   Skills:
 - Level 2.4 Dodging
 - Level 2.4 Stealth
 + Level 6.1 Spellcasting
 + Level 6.1 Conjurations
 - Level 6.0 Hexes
 + Level 5.1 Translocations


You had 11 spell levels left.
You knew the following spells:

 Your Spells              Type           Power      Damage    Failure   Level
a - Magic Dart            Conj           100%       1d8       1%          1
b - Searing Ray           Conj           100%       2d8       1%          2
c - Fulminant Prism       Conj/Hex       27%        3d14      6%          4

Your spell library contained the following spells:

 Spells                   Type           Power      Damage    Failure   Level
 Dazzling Flash           Conj/Hex       100%       N/A       1%          3
 Portal Projectile        Hex/Tloc       70%        N/A       2%          3
 Iskenderun's Mystic Bla  Conj/Tloc      52%        2d11      8%          4
 Blade Hands              Tmut           3%         N/A       90%         5
 Excruciating Wounds      Necr           3%         N/A       90%         5


Dungeon Overview and Level Annotations

Branches:
Dungeon (5/15)
 Temple: D:4-7

Altars:

Annotations:
D:3 2 exclusions, Grinder
D:4 3 runed translucent doors, sanboga's ghost, novice GrFi


Message History

Confirm with . or Enter, or press ? or * to list all spells.
Aiming: Magic Dart (safe; 1% risk of failure)
Press: ? - help, Shift-Dir - straight line, f/p - adder
Aim: an adder (severely wounded, 100% to hit)
You feel a surge of power!
The magic dart hits the adder.
The adder is severely wounded.
Casting: Magic Dart (safe; 1% risk of failure)
Confirm with . or Enter, or press ? or * to list all spells.
Aiming: Magic Dart (safe; 1% risk of failure)
Press: ? - help, Shift-Dir - straight line, f/p - adder
Aim: an adder (severely wounded, 100% to hit)
You feel a surge of power!
The magic dart hits the adder!
You kill the adder!
A centaur comes into view.
The centaur moves out of view.
As you read the scroll of identify, it crumbles to dust.
h - 3 potions of might A centaur is nearby!
Casting: Magic Dart (safe; 1% risk of failure)
Confirm with . or Enter, or press ? or * to list all spells.
Aiming: Searing Ray (safe; 1% risk of failure)
Press: ? - help, Shift-Dir - straight line, f - centaur
Aim: a centaur, quivering arrows (wandering, hasn't noticed you, 90% to hit)
You feel a surge of power!
The searing ray hits the centaur!
The centaur is heavily wounded.
The centaur shouts! (Press . to maintain the ray.)
The centaur wields a +0 shortbow.
The centaur shoots an arrow.
The arrow hits you.
The searing ray misses the centaur.
The centaur shoots an arrow.
The arrow hits you.
The centaur shoots an arrow.
The arrow hits you!
The searing ray hits the centaur.
The centaur is severely wounded.
The centaur shoots an arrow.
The arrow hits you!
* * * LOW HITPOINT WARNING * * *
The searing ray hits the centaur.
The centaur is almost dead.
You finish channelling your searing ray.
The centaur shoots an arrow.
The arrow hits you!
You die...

....#..#............#
.......#......#......
....................
..#.....#.....)..<
......#.#........
#.........####...
..........# ...
..........####
......>..@...#
.................
...........#...##
#........c##.....
#.........# ....
##......... ..
.......... .
.........


You could see a centaur.

Vanquished Creatures
  Edmund (D:4)
  Pargi (D:4)
  A sky beast (D:5)
  A centaur (D:3)
  2 ogres (D:4)
  A scorpion (D:5)
  2 iguanas
  An orc wizard (D:3)
  7 adders
  3 gnolls (D:3)
  3 worms
  2 dart slugs (D:2)
  11 orcs
  8 ball pythons
  2 bats
  5 endoplasms
  A giant cockroach (D:1)
  2 goblins (D:2)
  8 hobgoblins
  7 kobolds
  5 quokkas
  2 frilled lizards
  9 rats
85 creatures vanquished.

Vanquished Creatures (others)
  7 fulminant prisms
  A fungus (D:1)
  A plant (D:1)
9 creatures vanquished.

Grand Total: 94 creatures vanquished

Notes
Turn   | Place    | Note
-------+----------+-------------------------------------------
     0 | D:1      | MiltankisOP the Deep Elf Conjurer began the quest for the
                  | Orb.
     0 | D:1      | Reached XP level 1. HP: 10/10 MP: 6/6
   216 | D:1      | Reached XP level 2. HP: 11/15 MP: 4/8
   749 | D:1      | Found a faded altar of an unknown god.
  1011 | D:2      | Reached skill level 5 in Conjurations
  1011 | D:2      | Reached XP level 3. HP: 19/19 MP: 7/10
  1162 | D:2      | Learned a level 2 spell: Searing Ray
  1568 | D:3      | Reached XP level 4. HP: 24/24 MP: 2/12
  1669 | D:3      | Noticed a centaur
  1672 | D:3      | Killed a centaur
  1673 | D:3      | Reached skill level 5 in Spellcasting
  1673 | D:3      | Reached XP level 5. HP: 16/28 MP: 9/15
  1949 | D:3      | Reached skill level 1 in Hexes
  2109 | D:3      | Noticed Grinder
  2421 | D:3      | Reached skill level 1 in Translocations
  2763 | D:4      | Noticed an ogre
  2772 | D:4      | Learned a level 4 spell: Fulminant Prism
  2777 | D:4      | Killed an ogre
  2778 | D:4      | Reached XP level 6. HP: 32/32 MP: 10/17
  2922 | D:4      | Noticed Edmund
  2956 | D:4      | Killed Edmund
  3235 | D:4      | Noticed an ice beast
  3237 | D:4      | Noticed sanboga's ghost (novice GrFi)
  3260 | D:4      | Found a runed translucent gate.
  3260 | D:4      | Found a runed translucent gate.
  3260 | D:4      | Found a runed translucent gate.
  3506 | D:4      | Noticed Pargi
  3515 | D:4      | Killed Pargi
  3516 | D:4      | Reached XP level 7. HP: 36/36 MP: 10/18
  3765 | D:4      | Reached skill level 5 in Hexes
  3909 | D:5      | Entered Level 5 of the Dungeon
  4009 | D:5      | Reached skill level 5 in Translocations
  4171 | D:5      | Shot with an arrow by a centaur

Illustrated notes

Levels and vault maps discovered:
D:1:      erik_arrival_orb_chamber, layout_rooms,
          shapermc_ecumenical_altar_mp_urbaneastern, minmay_misc_feat_x,
          minmay_crystal_water
D:2:      layout_basic
D:3:      layout_loops_ring, columned_hall_lemuel, minmay_cut_off, uniq_grinder
D:4:      layout_loops_cross, gammafunk_ghost_icy, minmay_misc_feat_room,
          minmay_misc_feat_hallway, uniq_edmund, uniq_pargi
D:5:      layout_cave_pools, minmay_liquid_box, uniq_duvessa, uniq_ijyb

Skill      XL: |  1  2  3  4  5  6  7 |
---------------+----------------------+-----
Spellcasting   | 4 5 6 |  6.1
Conjurations   | 5 6 |  6.1
Hexes          | 2 4 6 |  6.0
Translocations | 2 3 5 |  5.1
Dodging        | |  2.4
Stealth        | |  2.4

Action                   |  1- 3 |  4- 6 |  7- 9 || total
-------------------------+-------+-------+-------++-------
 Cast: Magic Dart        |    60 |    38 |    17 ||   115
       Searing Ray       |     2 |     9 |     6 ||    17
       Fulminant Prism   |       |     5 |     2 ||     7
  Use: Scroll            |       |       |     8 ||     8
Dodge: Dodged            |     3 |     4 |     1 ||     8
